 Dungeon Crawl Stone Soup version 0.30.1-11-g7821555f0a (webtiles) character file.

Game seed: 16830680389401293409

64 lonewolfV2 the Shield-Bearer (level 4, -1/31 HPs)
             Began as an Octopode Fighter on Nov 1, 2023.
             Slain by a ball python (2 damage)
             ... on level 2 of the Dungeon.
             The game lasted 00:03:07 (807 turns).

lonewolfV2 the Shield-Bearer (Octopode Fighter)      Turns: 807, Time: 00:03:08

Health: -1/31      AC:  1    Str: 17    XL:     4   Next: 12%
Magic:  4/4        EV: 13    Int: 10    God:
Gold:   83         SH:  5    Dex: 11    Spells: 3/3 levels left

rFire   . . .        a - +0 war axe
rCold   . . .        b - +1 buckler
rNeg    . . .        (helmet restricted)
rPois   .            (no amulet)
rElec   .            e - ring of see invisible
rCorr   .            (no ring)
SInv    +            (no ring)
Will    .....        (no ring)
Stlth   ++           (no ring)
HPRegen 0.25/turn    (no ring)
MPRegen 0.09/turn    (no ring)
                     (no ring)

%: no passive effects
@: no status effects
A: almost no armour, amphibious, 8 rings, camouflage 1, gelatinous body 1,
(nimble swimmer 1), tentacles
a: no special abilities


You were on level 2 of the Dungeon.
You visited 1 branch of the dungeon, and saw 2 of its levels.

You collected 83 gold pieces.

Inventory:

Hand Weapons
 a - a +0 war axe (weapon)
Armour
 b - a +1 buckler (worn)
Jewellery
 e - a ring of see invisible (left tentacle)
Wands
 f - a wand of charming (3)
Potions
 c - a potion of might
 d - a potion of lignification
 i - a potion of degeneration {unknown}
 j - a potion of brilliance {unknown}


   Skills:
 - Level 3.3 Fighting
 - Level 3.0 Axes
 + Level 3.4 Dodging
 + Level 3.4 Shields


You had 3 spell levels left.
You didn't know any spells.
Your spell library contained the following spells:

 Spells                   Type           Power      Damage    Failure   Level
 Sublimation of Blood     Necr           0%         N/A       58%         2
 Wereblood                Tmut           0%         N/A       58%         2
 Summon Hydra             Summ           0%         N/A       100%        7


Dungeon Overview and Level Annotations

Branches:
Dungeon (2/15)

Altars:


Innate Abilities, Weirdness & Mutations

You cannot wear most types of armour.
You are amphibious.
You can wear up to eight rings at the same time.
Your skin changes colour to match your surroundings (Stealth+).
Your rubbery body absorbs attacks. (AC +1, EV +1)
((You are camouflaged when in or above water. (Stealth+)))
You have tentacles for arms and can constrict up to eight enemies at once.


Message History

The orc closely misses you. The bat misses you.
You see here a jackal corpse.
You barely miss the hobgoblin.
The ball python hisses angrily.
You grab the hobgoblin.
You squeeze the hobgoblin, but do no damage.
You hit the orc.
You kill the orc!
You barely miss the bat.
You constrict the hobgoblin, but do no damage.
The bat barely misses you. You block the hobgoblin's attack.
The hobgoblin closely misses you.
You hit the hobgoblin.
The hobgoblin is severely wounded.
You closely miss the bat. You constrict the hobgoblin.
You kill the hobgoblin!
The bat completely misses you.
You hit the orc. You grab the orc.
The orc is heavily wounded.
You hit the bat.
You kill the bat!
You constrict the orc.
The jackal stops to sniff the ground.
The orc barely misses you. The jackal bites you.
* * * LOW HITPOINT WARNING * * *
You hit the orc but do no damage.
The orc is heavily wounded.
You closely miss the jackal. You constrict the orc.
You kill the orc!
The jackal bites you.
* * * LOW HITPOINT WARNING * * *
The jackal bites you.
* * * LOW HITPOINT WARNING * * *
You block the jackal's attack. The jackal attacks as you move away!
The jackal misses you. The jackal attacks as you move away!
The jackal misses you. The jackal attacks as you move away!
The jackal bites you.
* * * LOW HITPOINT WARNING * * *
The ball python bites you.
You die...

#........ ...
#<.#.#.####.$#
#............. #
##.#......#...
.###.###...........#
................#
####............#
#######.#Sh###..#
#.@†h.h....
#.#.h###.## #.#..#
#.#..# #.#..# #....#
#.#.## #.#.#


You could see 4 jackals and a ball python.

Vanquished Creatures
  An orc wizard (D:2)
  A dart slug (D:1)
  3 orcs (D:2)
  2 ball pythons (D:1)
  2 endoplasms (D:1)
  A giant cockroach (D:1)
  3 goblins (D:1)
  3 hobgoblins
  3 jackals (D:2)
  A kobold (D:1)
  A quokka (D:1)
  5 bats
  A frilled lizard (D:1)
  3 rats (D:1)
30 creatures vanquished.

Notes
Turn   | Place    | Note
-------+----------+-------------------------------------------
     0 | D:1      | lonewolfV2 the Octopode Fighter began the quest for the
                  | Orb.
     0 | D:1      | Reached XP level 1. HP: 16/16 MP: 1/1
   115 | D:1      | Found a faded altar of an unknown god.
   139 | D:1      | Reached XP level 2. HP: 21/21 MP: 2/2
   575 | D:1      | Reached XP level 3. HP: 26/26 MP: 3/3
   802 | D:2      | Reached XP level 4. HP: 8/31 MP: 4/4
   807 | D:2      | HP: 1/31 [jackal (1)]
   807 | D:2      | Slain by a ball python

Illustrated notes

Levels and vault maps discovered:
D:1:      minmay_arrival_cross, layout_loops_ring,
          ebering_ecumenical_altar_hall, dreamdust_wishing_well
D:2:      layout_loops_ring

Skill      XL: |  1  2 |
---------------+-------+-----
Axes           | 3 |  3.0
Fighting       | |  3.3
Dodging        | |  3.4
Shields        | |  3.4

Action                     |  1- 3 |  4- 6 || total
---------------------------+-------+-------++-------
  Melee: War axe           |    36 |     4 ||    40
         Constrict         |     9 |     2 ||    11
         Tentacles         |     6 |     1 ||     7
         Punch             |     1 |       ||     1
    Use: Scroll            |     3 |       ||     3
   Stab: Sleeping          |     4 |       ||     4
 Armour: Skin              |     5 |       ||     5
  Dodge: Dodged            |    25 |     8 ||    33
  Block: Buckler           |    10 |     2 ||    12
